 Dungeon Crawl Stone Soup version 0.29-a0-323-g050149af67 (webtiles) character file.

Game seed: 15213128928416779000

180 zishaf the Shooter (level 5, -7/75 HPs)
             Began as a Naga Hunter on Apr 11, 2022.
             Mangled by a water moccasin (8 damage)
             ... on level 3 of the Dungeon.
             The game lasted 00:03:20 (2482 turns).

zishaf the Shooter (Naga Hunter)                    Turns: 2482, Time: 00:03:21

Health: -7/75      AC:  4    Str: 13    XL:     5   Next: 60%
Magic:  5/5        EV:  8    Int:  9    God:
Gold:   152        SH:  0    Dex: 17    Spells: 4/4 levels left

rFire   . . .      SeeInvis +   (no weapon)
rCold   . . .      Faith    .   (no shield)
rNeg    . . .      Spirit   .   e - +0 ring mail
rPois   +          Reflect  .   (no helmet)
rElec   .          Harm     .   (no cloak)
rCorr   .          Rampage  .   (no gloves)
Will    .....                   (no barding)
Stlth   ..........              m - amulet of the acrobat
HPRegen 0.22/turn               (no ring)
MPRegen 0.09/turn               (no ring)

@: berserking (expiring), lethally poisoned (-7 -> -13), quick
A: AC +1, large, see invisible, deformed body, poison resistance, slowness 2,
spit poison 1, naga tail 1
a: Spit Poison


You were on level 3 of the Dungeon.
You visited 1 branch of the dungeon, and saw 3 of its levels.

You collected 152 gold pieces.

Inventory:

Hand Weapons
 a - a +1 shortbow
Missiles
 l - 2 throwing nets
Armour
 b - a +0 leather armour
 e - a +0 ring mail (worn)
Jewellery
 m - an amulet of the acrobat (around neck)
Scrolls
 c - a scroll of immolation
 d - a scroll of enchant weapon {unknown}
 g - a scroll of fog {unknown}
 h - 2 scrolls of fear {unknown}
 i - a scroll of amnesia {unknown}
 j - 4 scrolls of identify {unknown}
 n - 2 scrolls of teleportation {unknown}
 q - a scroll of summoning {unknown}
Potions
 f - 2 potions of curing
 k - a potion of flight
 p - a potion of heal wounds {unknown}


   Skills:
 + Level 4.2 Fighting
 + Level 5.0 Bows
 - Level 1.5 Dodging
 - Level 1.5 Stealth


You had 4 spell levels left.
You didn't know any spells.
Your spell library was empty.

Dungeon Overview and Level Annotations

Branches:
Dungeon (3/15)

Altars:

Shops:
D:1 [


Innate Abilities, Weirdness & Mutations

Your serpentine skin is tough. (AC +1)
You have supernaturally acute eyesight. (SInv)
Armour fits poorly on your strangely shaped body.
Your system is resistant to poisons. (rPois)
You cover ground very slowly.
You can spit poison.
You have a snake-like lower body.


Message History

You feel yourself moving faster!
You feel mighty!
You have got your breath back.
You feel sick. The water moccasin barely misses you.
Okay, then.
You are now empty-handed.
You feel a strong urge to attack something.
You feel sick. The water moccasin barely misses you.
You punch the water moccasin!
The water moccasin is moderately wounded.
The water moccasin bites you.
You barely miss the water moccasin.
The water moccasin is moderately wounded.
You feel sick.
The water moccasin bites you but does no damage.
You hit the water moccasin.
The water moccasin is heavily wounded.
You feel sick.
You are no longer poisoned.
You miss the water moccasin.
The water moccasin is heavily wounded.
The water moccasin bites you!
* * * LOW HITPOINT WARNING * * *
You miss the water moccasin.
The water moccasin is heavily wounded.
The water moccasin bites you.
* * * LOW HITPOINT WARNING * * *
You miss the water moccasin.
The water moccasin is heavily wounded.
The water moccasin barely misses you.
You punch the water moccasin!
The water moccasin is severely wounded.
The water moccasin bites you!
* * * LOW HITPOINT WARNING * * *
You are lethally poisoned!
The water moccasin poisons you!
You barely miss the water moccasin. You punch the water moccasin.
The water moccasin is almost dead.
* * * LOW HITPOINT WARNING * * *
You feel sick. The water moccasin bites you!
You die...

#
#........#####...
#
#........########
#
#........'.....##
#
#........#####.##
# #........# #.#
###'###### #.#
#.# #.#
#######.#######
#.#
#..S@..........
#.#
#.#####.#######
#.# #.. #........
#.# ....
######### #.##
##... ########.##
.... #........##
#.#.. #.#######..
#.##. #.# #.....#
#.# #.....#


You could see a water moccasin.

Vanquished Creatures
  A water moccasin (D:3)
  An adder (D:2)
  A worm (D:2)
  2 dart slugs
  An orc (D:2)
  9 endoplasms
  2 giant cockroaches (D:2)
  A goblin (D:3)
  9 hobgoblins
  4 quokkas
  8 ball pythons
  4 bats
  3 frilled lizards
  3 kobolds
  6 rats
55 creatures vanquished.

Notes
Turn   | Place    | Note
-------+----------+-------------------------------------------
     0 | D:1      | zishaf the Naga Hunter began the quest for the Orb.
     0 | D:1      | Reached XP level 1. HP: 19/19 MP: 1/1
   156 | D:1      | Reached XP level 2. HP: 27/27 MP: 2/2
   514 | D:1      | Found Xeninaij's Antique Armour Shop.
   537 | D:1      | Reached skill level 4 in Bows
   743 | D:1      | Reached XP level 3. HP: 33/33 MP: 3/3
  1210 | D:2      | Found a faded altar of an unknown god.
  1381 | D:2      | Reached XP level 4. HP: 42/42 MP: 4/4
  1976 | D:3      | Noticed a water moccasin
  1984 | D:3      | HP: 1/42 [water moccasin (4)]
  1990 | D:3      | Killed a water moccasin
  1991 | D:3      | Reached skill level 5 in Bows
  1991 | D:3      | Reached XP level 5. HP: 5/50 MP: 5/5
  2465 | D:3      | Noticed a water moccasin
  2481 | D:3      | HP: 3/75 [water moccasin (7)]
  2482 | D:3      | HP: 1/75 [poisoned by a water moccasin]
  2482 | D:3      | Mangled by a water moccasin

Illustrated notes

Levels and vault maps discovered:
D:1:      psy_arrival_terrarium, layout_basic, serial_shops, nicolae_shop_trees
D:2:      layout_rooms, hellmonk_ecumenical_altar_heavens_door
D:3:      layout_basic, grunt_decor_cap

Skill      XL: |  1  2  3  4 |
---------------+-------------+-----
Bows           | 4 5 |  5.0
Fighting       | 3 4 |  4.2
Dodging        | |  1.5
Stealth        | |  1.5

Action                   |  1- 3 |  4- 6 || total
-------------------------+-------+-------++-------
Melee: Unarmed           |       |     8 ||     8
       Punch             |       |     1 ||     1
 Fire: Shortbow          |    98 |    48 ||   146
 Abil: Spit Poison       |       |     3 ||     3
  Use: Potion            |       |     4 ||     4
Armor: Ring mail         |     7 |     4 ||    11
       Skin              |       |     9 ||     9
Dodge: Dodged            |    19 |    11 ||    30

Table legend: (Time is in decaauts)
 A = Elapsed time spent in this place.
 B = Non-inter-level travel time spent in this place.
 C = Inter-level travel time spent in this place.
 D = Time resting spent in this place.
 E = Time spent auto-exploring this place.
 F = Levels seen in this place.
 G = Mean time per level.
                   A        B        C        D        E       F      G
               +--------+--------+--------+--------+--------+-----+--------+
         Total |   3115 |   3036 |     79 |    292 |   2358 |   3 | 1038.3 |
       Dungeon |   3115 |   3036 |     79 |    292 |   2358 |   3 | 1038.3 |
               +--------+--------+--------+--------+--------+-----+--------+

Top non-repeatable levels by time:
     D:1: 1507 daAuts
     D:3: 882 daAuts
     D:2: 725 daAuts
